 Dungeon Crawl Stone Soup version 0.31-a0-210-gccc998df9b (webtiles) character file.

Game seed: 13218873758505024677

807 qw the Skirmisher (level 7, -1/61 HPs)
             Began as a Minotaur Hexslinger on June 30, 2023.
             Slain by Pikel
             ... wielding a +1 whip of flaming
              (6 damage)
             ... on level 5 of the Dungeon.
             The game lasted 00:01:30 (4031 turns).

qw the Skirmisher (Minotaur Hexslinger)             Turns: 4031, Time: 00:01:30

Health: -1/61      AC:  5    Str: 18    XL:     7   Next: 60%
Magic:  7/7        EV: 11    Int: 10    God:
Gold:   320        SH:  0    Dex: 14    Spells: 7/8 levels left

rFire   x . .        Y - +1 sling
rCold   + . .        (no shield)
rNeg    . . .        f - +0 ring mail
rPois   .            (helmet restricted)
rElec   .            (no cloak)
rCorr   .            (no gloves)
SInv    .            (no boots)
Will    .....        i - amulet of Pieneva {Faith Rampage rF- rC+ Str+5}
Stlth   +            (no ring)
HPRegen 0.30/turn    (no ring)
MPRegen 0.10/turn

%: rampage, faith
@: no status effects
A: horns 2, retaliatory headbutt
a: no special abilities


You were on level 5 of the Dungeon.
You visited 1 branch of the dungeon, and saw 5 of its levels.

You collected 320 gold pieces.


Innate Abilities, Weirdness & Mutations

You have a pair of horns on your head.
You reflexively headbutt those who attack you in melee.


   Skills:
 - Level 5.1 Fighting
 + Level 8.3 Ranged Weapons
 - Level 1.0 Armour
 - Level 2.1 Dodging
 - Level 1.0 Spellcasting
 - Level 2.0 Hexes


You had 7 spell levels left.
You knew the following spells:

 Your Spells              Type           Power      Damage    Failure   Level
a - Slow                  Hex            16%        N/A       26%         1

Your spell library contained the following spells:

 Spells                   Type           Power      Damage    Failure   Level
 Inner Flame              Hex/Fire       2%         N/A       77%         3
 Portal Projectile        Hex/Tloc       4%         N/A       77%         3
 Cause Fear               Hex            2%         N/A       95%         4

Inventory:

Hand Weapons
 Y - a +1 sling (weapon)
Armour
 f - a +0 ring mail (worn)
Jewellery
 c - an amulet of regeneration
 i - the amulet of Pieneva (around neck) {Faith Rampage rF- rC+ Str+5}
   (You found it on level 3 of the Dungeon)

   [amulet of faith]

   It allows you to gain divine favour quickly.
   Str:       It affects your strength (+5).
   rF:        It makes you vulnerable to fire.
   rC:        It protects you from cold.
   Rampage:   It bestows one free step when moving towards enemies.
Scrolls
 a - 2 scrolls of identify
Potions
 d - 4 potions of curing
 e - a potion of might {unknown}
 h - a potion of mutation {unknown}
 o - a potion of cancellation {unknown}

Dungeon Overview and Level Annotations

Branches:
Dungeon (5/15)
 Temple: D:4-7

Altars:
Ru

Annotations:
D:5 1 runed translucent door, Pikel


Message History

You shoot a sling bullet.
The sling bullet barely misses the lemure.
The lemure hits you. x2; The lemure hits you but does no damage.
Pikel hits you but does no damage.
You shoot a sling bullet. The sling bullet misses the lemure.
The lemure hits you. x2; The lemure hits you but does no damage.
Pikel hits you but does no damage.
You shoot a sling bullet.
The sling bullet barely misses the lemure.
The lemure hits you but does no damage. The lemure hits you.
The lemure hits you but does no damage.
Pikel hits you with a +1 whip of flaming.
Pikel burns you.
You shoot a sling bullet. The sling bullet hits the lemure!
You kill the lemure!
That felt strangely unrewarding.
The lemure barely misses you.
Pikel hits you with a +1 whip of flaming.
Pikel burns you.
You shoot a sling bullet. The sling bullet closely misses Pikel.
You feel less wooden.
Your +0 ring mail unmelds from your body.
The lemure hits you but does no damage. The lemure hits you. x2
Pikel hits you with a +1 whip of flaming.
Pikel burns you.
You shoot a sling bullet.
The sling bullet hits Pikel but does no damage.
The lemure hits you. The lemure hits you! The lemure closely misses you.
Pikel hits you with a +1 whip of flaming.
Pikel burns you.
4030 ||| DRINKING potion of heal wounds.
You feel much better. The lemure hits you. The lemure hits you!
The lemure misses you.
Pikel zaps a wand.
You resist with some effort.
You shoot a sling bullet.
The sling bullet hits Pikel but does no damage.
The lemure hits you. x3; Pikel zaps a wand.
You resist with some effort. The lemure hits you.
The lemure hits you but does no damage.
Pikel hits you with a +1 whip of flaming.
You die...

...... ...... ..<.
....... .....
....####....... ~...#
............... ~.%.#
................ ~~.<#
.............).. .~~.#
................ .~..#
###.#....55K.......
.~..#..........5@###.....
.~~.#....................
.~~...........###........
..~~..........#......#...
..~~~........##......#.
...~.........##.........#
...............#####....#
..............## #..)#
.....#........# ...#


You could see Pikel and 3 lemures.

Vanquished Creatures
  Sigmund (D:3)
  A black bear (D:4)
  An ogre (D:4)
  A lemure (D:5)
  A scorpion (D:5)
  3 hounds
  An orc priest (D:3)
  3 jellies
  An iguana (D:5)
  Robin (D:2)
  3 gnolls
  4 adders
  An ufetubus (D:5)
  2 dart slugs
  10 orcs
  3 endoplasms
  5 giant cockroaches
  16 goblins
  7 hobgoblins
  7 jackals
  2 kobolds
  3 quokkas
  10 ball pythons
  5 bats
  3 frilled lizards
  2 rats
97 creatures vanquished.

Notes
Turn   | Place    | Note
-------+----------+-------------------------------------------
     0 | D:1      | qw the Minotaur Hexslinger began the quest for the Orb.
     0 | D:1      | Reached XP level 1. HP: 16/16 MP: 1/1
     0 | D:1      | 0 ||| qw: Version: 0.3-a-26-gee661ec
     0 | D:1      | 0 ||| qw: Game counter: 7208
     0 | D:1      | 0 ||| qw: Melee chars always use a shield: true
     0 | D:1      | 0 ||| qw: God list: Okawaru
     0 | D:1      | 0 ||| qw: Allow faded altars: false
     0 | D:1      | 0 ||| qw: Do Orc after clearing Dungeon:15 true
     0 | D:1      | 0 ||| qw: Do second Lair branch before Depths: true
     0 | D:1      | 0 ||| qw: Lair rune preference: random
     0 | D:1      | 0 ||| qw: Goals: Normal
     0 | D:1      | 0 ||| PLANNING D:1-11
    27 | D:1      | Found a faded altar of an unknown god.
   138 | D:1      | Reached skill level 3 in Ranged Weapons
   196 | D:1      | Reached XP level 2. HP: 23/23 MP: 2/2
   686 | D:1      | 686 ||| UPGRADING to +0 ring mail.
   696 | D:1      | 696 ||| DROPPING +0 robe.
   697 | D:1      | 697 ||| DRINKING 2 bubbling ruby potions.
   698 | D:1      | 698 ||| DROPPING scroll of poison.
   726 | D:2      | 726 ||| STAIRDANCE
   729 | D:1      | Reached XP level 3. HP: 21/29 MP: 3/3
   836 | D:2      | Reached skill level 4 in Ranged Weapons
  1182 | D:2      | Reached skill level 1 in Armour
  1213 | D:2      | 1213 ||| Stepping ~*~*~tactically~*~*~ (outnumbered).
  1218 | D:2      | 1218 ||| FLEEEEING.
  1219 | D:2      | 1219 ||| FLEEEEING.
  1220 | D:2      | 1220 ||| FLEEEEING.
  1221 | D:2      | 1221 ||| FLEEEEING.
  1231 | D:2      | Noticed Robin
  1235 | D:2      | Reached XP level 4. HP: 36/36 MP: 4/4
  1245 | D:2      | HP: 8/36 [Robin/+0 dagger (3)]
  1245 | D:2      | HP: 3/36 [goblin/+0 dagger[Robin] (5)]
  1247 | D:2      | Killed Robin
  1748 | D:2      | 1748 ||| UPGRADING to amulet of regeneration.
  1753 | D:2      | 1753 ||| READING scroll labelled NOUCOU KAGUGI.
  1816 | D:3      | 1816 ||| STAIRDANCE
  1847 | D:3      | 1847 ||| STAIRDANCE
  1855 | D:3      | Reached skill level 5 in Ranged Weapons
  1879 | D:3      | Noticed Sigmund
  1881 | D:3      | 1881 ||| FLEEEEING.
  1883 | D:3      | 1883 ||| FLEEEEING.
  1884 | D:3      | 1884 ||| FLEEEEING.
  1885 | D:3      | 1885 ||| FLEEEEING.
  1886 | D:3      | 1886 ||| FLEEEEING.
  1919 | D:3      | Killed Sigmund
  1920 | D:3      | Reached XP level 5. HP: 24/48 MP: 5/5
  1920 | D:3      | Reached XP level 6. HP: 28/56 MP: 6/6
  2070 | D:3      | Found a sacrificial altar of Ru.
  2160 | D:3      | Identified the amulet of Pieneva {Faith Rampage rF- rC+
                  | Str+5}
  2392 | D:3      | Found the +5 woodcutter's axe
  2700 | D:3      | 2700 ||| UPGRADING to amulet of Pieneva {Faith Rampage rF-
                  | rC+ Str+5}.
  2801 | D:4      | Reached skill level 6 in Ranged Weapons
  3110 | D:4      | Reached XP level 7. HP: 61/61 MP: 7/7
  3387 | D:4      | 3387 ||| READING scroll labelled CANO FUNGO.
  3388 | D:4      | 3388 ||| READING scroll labelled DOSKOC SIGRE.
  3389 | D:4      | 3389 ||| READING 2 scrolls labelled VEDOM ROYSI.
  3490 | D:4      | 3490 ||| READING scroll labelled YSYAJOO HECKE.
  3491 | D:4      | 3491 ||| READING scroll labelled FIUCIO XAAV.
  3492 | D:4      | 3492 ||| READING scroll labelled AJOEM NELY.
  3493 | D:4      | 3493 ||| DRINKING 2 murky yellow potions.
  3494 | D:4      | 3494 ||| READING 3 scrolls of identify.
  3494 | D:4      | 3494 ||| IDENTIFYING pink potion
  3495 | D:4      | 3495 ||| READING 2 scrolls of identify.
  3495 | D:4      | 3495 ||| IDENTIFYING smoky yellow potion
  3496 | D:4      | 3496 ||| DROPPING potion of invisibility.
  3497 | D:4      | 3497 ||| DROPPING potion of attraction.
  3498 | D:4      | 3498 ||| DROPPING scroll of silence.
  3502 | D:5      | Entered Level 5 of the Dungeon
  3512 | D:5      | Reached skill level 7 in Ranged Weapons
  3526 | D:5      | 3526 ||| STAIRDANCE
  3731 | D:5      | Found a runed translucent door.
  3818 | D:5      | Reached skill level 8 in Ranged Weapons
  4004 | D:5      | Noticed Pikel
  4029 | D:5      | HP: 14/61 [lemure[Pikel] (4)]
  4029 | D:5      | HP: 3/61 [Pikel/+1 whip of flaming (4)]
  4030 | D:5      | 4030 ||| DRINKING potion of heal wounds.
  4031 | D:5      | Slain by Pikel

Levels and vault maps discovered:
D:1:      matt_arrival_grand_opening, layout_basic,
          hellmonk_ecumenical_altar_blasted
D:2:      layout_loops_corners, uniq_robin
D:3:      layout_loops_ring, mainiacjoe_overflow_tiny_flanked,
          minmay_misc_feat_nine_boxes, hex_large, uniq_sigmund
D:4:      layout_cave_pools, moated_statue
D:5:      layout_basic, mainiacjoe_overflow_paths,
          minmay_temple_entry_enclosed_plants, ebering_ghost_reflecting_pool,
          serial_rivers, chequers_serial_rivers_small_a,
          chequers_serial_rivers_room_a, chequers_serial_rivers_large_b,
          chequers_serial_rivers_micro_a, chequers_serial_rivers_large_a,
          serial_shops, nicolae_shop_peninsula, uniq_grinder,
          uniq_crazy_yiuf_cottage, uniq_pikel

Skill      XL: |  1  2  3  4  5  6  7 |
---------------+----------------------+-----
Ranged Weapons | 3 4 5 6 8 |  8.3
Fighting       | 2 5 |  5.1
Armour         | 1 |  1.0
Dodging        | |  2.1
Spellcasting   | |  1.0
Hexes          | |  2.0

Action                     |  1- 3 |  4- 6 |  7- 9 || total
---------------------------+-------+-------+-------++-------
   Fire: Sling             |    79 |   175 |   114 ||   368
    Use: Potion            |     1 |       |     2 ||     3
         Scroll            |       |     1 |     8 ||     9
 Armour: Ring mail         |     8 |    40 |    25 ||    73
         Robe              |     5 |       |       ||     5
         Skin              |       |       |    38 ||    38
  Dodge: Dodged            |    21 |    52 |    48 ||   121

Table legend:
 A = Non-vault XP
 B = Vault XP
 C = Vault XP percentage of total XP
 D = Non-vault monster count
 E = Vault monster count
 F = Vault count percentage of total count
                 A         B        C        D         E       F
            +---------+---------+-------+---------+---------+-------
      Total |     892 |     262 |  22.7 |      83 |      13 |  13.5
            +---------+---------+-------+---------+---------+-------
        D:1 |      46 |       0 |   0.0 |      18 |       0 |   0.0
        D:2 |      67 |      36 |  35.0 |      12 |      12 |  50.0
        D:3 |     136 |     226 |  62.4 |      21 |       1 |   4.5
        D:4 |     362 |       0 |   0.0 |      19 |       0 |   0.0
        D:5 |     281 |       0 |   0.0 |      13 |       0 |   0.0
            +---------+---------+-------+---------+---------+-------
